 Dungeon Crawl Stone Soup version 0.29-a0-341-g24ffce5b50 (webtiles) character file.

Game seed: 16533654135709314359

72 enile the Skirmisher (level 4, -17/41 HPs)
             Began as a Draconian Transmuter on Apr 21, 2022.
             Engulfed by a cloud of flame (29 damage)
             ... on level 2 of the Dungeon.
             The game lasted 00:01:30 (2150 turns).

enile the Skirmisher (Draconian Transmuter)         Turns: 2150, Time: 00:01:30

Health: -17/41     AC:  5    Str: 12    XL:     4   Next: 6%
Magic:  7/7        EV: 12    Int: 16    God:
Gold:   203        SH:  0    Dex: 11    Spells: 6/7 levels left

rFire   . . .      SeeInvis .   j - +0 long sword
rCold   . . .      Faith    .   (no shield)
rNeg    . . .      Spirit   .   (body armour unavailable)
rPois   .          Reflect  .   (helmet restricted)
rElec   .          Harm     .   (no cloak)
rCorr   .          Rampage  .   (no gloves)
Will    .....                   (no boots)
Stlth   +.........              (no amulet)
HPRegen 0.13/turn               (no ring)
MPRegen 0.10/turn               (no ring)

@: no status effects
A: AC +5, unfitting armour, cold-blooded
a: no special abilities


You were on level 2 of the Dungeon.
You visited 1 branch of the dungeon, and saw 2 of its levels.

You collected 203 gold pieces.

Inventory:

Hand Weapons
 c - a +0 spear
 j - a +0 long sword (weapon)
Wands
 l - a wand of iceblast (10)
Scrolls
 b - a scroll of identify {unknown}
 m - a scroll of vulnerability {unknown}
Potions
 a - a potion of lignification
 d - a potion of mutation {unknown}
 e - a potion of magic {unknown}
 f - a potion of might {unknown}
 g - a potion of attraction {unknown}
 i - a potion of flight {unknown}
 k - a potion of heal wounds {unknown}


   Skills:
 + Level 4.4 Fighting
 - Level 1.7 Dodging
 - Level 3.0 Unarmed Combat
 - Level 2.0 Spellcasting
 - Level 2.0 Transmutations


You had 6 spell levels left.
You knew the following spells:

 Your Spells              Type           Power      Damage    Failure   Level
a - Beastly Appendage     Tmut           16%        N/A       9%          1

Your spell library contained the following spells:

 Spells                   Type           Power      Damage    Failure   Level
 Wereblood                Tmut           8%         N/A       14%         2
 Spider Form              Tmut/Pois      4%         N/A       38%         3
 Ice Form                 Ice/Tmut       4%         N/A       80%         4


Dungeon Overview and Level Annotations

Branches:
Dungeon (2/15)

Altars:


Innate Abilities, Weirdness & Mutations

Your plain brown scales are hard. (AC +5)
You cannot fit into any form of body armour.
You are cold-blooded and may be slowed by cold attacks.


Message History

You feel clever.
You hit the dart slug but do no damage. You claw the dart slug.
The dart slug is lightly wounded.
The dart slug closely misses you.
You slash the dart slug!
You kill the dart slug!
The endoplasm hits you but does no damage.
You hit the endoplasm.
You kill the endoplasm!
Your transformation is almost over.
Your horns disappear.
Your talons disappear.
There is an open door here.
You see here a dart slug corpse.
You now have 203 gold pieces (gained 15).
You open the door.
A rat comes into view.
There is an open door here.
A rat is nearby!
A rat is nearby!
A rat is nearby!
A rat is nearby!
A rat is nearby!
A rat is nearby!
A rat is nearby!
A rat is nearby!
As you read the scroll labelled BUKLUVOURUTS, it crumbles to dust.
The creatures around you are filled with an inner flame!
It was a scroll of immolation.
A rat and a hobgoblin come into view.
The hobgoblin shouts!
There is an open door here.
You barely miss the rat. The rat closely misses you. x2
You closely miss the rat. You tail-slap the rat.
The rat explodes!
The fiery explosion engulfs you!!
Ouch! That really hurt!
* * * LOW HITPOINT WARNING * * *
You are engulfed in blazing flames.
Ouch! That really hurt!
You die...

####..........#
#..###... ########...#
#######.###... '....
..........+... #....#
#######..##... #.
##.##... #.. #.##...
##... ###########.#....
.....§##.........#.#....
...g.§§@.........#......
.....###.........##.....
... ####'#######.#### #
#.# #. #.# ## #.#
########.# ########
###........# #......#
#........###


You could see a hobgoblin.

Vanquished Creatures
  A gnoll (D:1)
  3 adders (D:2)
  2 dart slugs
  2 bats
  2 endoplasms
  A giant cockroach (D:1)
  A goblin (D:1)
  4 hobgoblins
  4 jackals (D:1)
  A quokka (D:1)
  5 ball pythons
  A frilled lizard (D:1)
  A kobold (D:1)
  4 rats
32 creatures vanquished.

Notes
Turn   | Place    | Note
-------+----------+-------------------------------------------
     0 | D:1      | enile the Draconian Transmuter began the quest for the Orb.
     0 | D:1      | Reached XP level 1. HP: 16/16 MP: 3/3
   248 | D:1      | Reached skill level 2 in Fighting
   248 | D:1      | Reached XP level 2. HP: 13/25 MP: 1/5
   475 | D:1      | Reached skill level 3 in Fighting
  1241 | D:1      | Reached XP level 3. HP: 31/31 MP: 6/6
  1648 | D:2      | Reached skill level 4 in Fighting
  1994 | D:2      | Reached XP level 4. HP: 23/40 MP: 5/7
  2150 | D:2      | Engulfed by a cloud of flame

Illustrated notes

Levels and vault maps discovered:
D:1:      dpeg_arrival_castle, layout_basic, grunt_decor_resistance
D:2:      layout_basic

Skill      XL: |  1  2  3 |
---------------+----------+-----
Fighting       | 2 3 4 |  4.4
Dodging        | |  1.7
Unarmed Combat | |  3.0
Spellcasting   | |  2.0
Transmutations | |  2.0

Action                   |  1- 3 |  4- 6 || total
-------------------------+-------+-------++-------
Melee: Unarmed           |    12 |       ||    12
       Tailslap          |    13 |     1 ||    14
       Kick              |     7 |     1 ||     8
       Headbutt          |     5 |       ||     5
       Spear             |    67 |       ||    67
       Long sword        |    12 |     5 ||    17
       Punch             |     3 |       ||     3
 Cast: Beastly Appendage |    23 |       ||    23
  Use: Scroll            |       |     1 ||     1
 Stab: Sleeping          |     1 |       ||     1
Armor: Skin              |    21 |     1 ||    22
Dodge: Dodged            |    58 |     3 ||    61

Table legend: (Time is in decaauts)
 A = Elapsed time spent in this place.
 B = Non-inter-level travel time spent in this place.
 C = Inter-level travel time spent in this place.
 D = Time resting spent in this place.
 E = Time spent auto-exploring this place.
 F = Levels seen in this place.
 G = Mean time per level.
                   A        B        C        D        E       F      G
               +--------+--------+--------+--------+--------+-----+--------+
         Total |   2164 |   2156 |      8 |      0 |   1901 |   2 | 1082.0 |
       Dungeon |   2164 |   2156 |      8 |      0 |   1901 |   2 | 1082.0 |
               +--------+--------+--------+--------+--------+-----+--------+

Top non-repeatable levels by time:
     D:1: 1591 daAuts
     D:2: 572 daAuts
